Map: Altitude LE

Players

PtitDrogo

  • Race: Protoss Protoss
  • Spawn Location: 1:00

DnS - Winner!

  • Race: Protoss Protoss
  • Spawn Location: 7:00

Event: HomeStory Cup XXIII

VOD

Have the link to the VOD?

Description

Time

  • Played on: July 1, 2023, 6:43 a.m.
  • Length: 12:10

All games in this series

Show
View Real Time Build Order
Export as new Build Order

PtitDrogo Protoss 

Build Orders: Oracle Opening, Phoenix Opening 

Get SALT Encoding   

  12  0:00  Probe  
  13  0:12  Probe  
  14  0:19  Pylon  
  14  0:24  Probe  
  15  0:37  Probe (Chrono Boost)  
  15  0:39  Gateway  
  16  0:47  Probe (Chrono Boost)  
  16  0:48  Assimilator  
  17  0:52  Probe (Chrono Boost)  
  18  0:58  Assimilator  
  18  1:04  Probe (Chrono Boost)  
  19  1:07  Pylon  
  19  1:13  Probe (Chrono Boost)  
  19  1:18  Probe (Chrono Boost)  
  21  1:28  Cybernetics Core  
  21  1:30  Probe  
  22  1:40  Zealot  
  22  1:42  Probe  
  25  1:54  Probe  
  26  2:04  Stargate  
  26  2:07  Adept  
  28  2:10  Warp Gate  
  27  2:31  Nexus  
  27  2:44  Pylon  
  27  2:45  Oracle (Chrono Boost)  
  30  3:15  Phoenix  
  31  3:31  Probe  
  32  3:41  Twilight Council, Stalker  
  32  3:42  Gateway  
  32  3:47  Probe (Chrono Boost)  
  32  3:48  Probe (Chrono Boost)  
  36  3:57  Probe (Chrono Boost)  
  36  3:59  Probe (Chrono Boost)  
  36  4:02  Probe (Chrono Boost)  
  35  4:08  Probe  
  36  4:10  Gateway  
  36  4:11  Blink (Chrono Boost)  
  36  4:14  Probe  
  37  4:20  Probe  
  38  4:26  Probe  
  39  4:31  Stalker  
  39  4:32  Probe  
  39  4:37  Stalker  
  42  4:38  Probe  
  42  4:44  Probe  
  44  4:51  Probe  
  45  4:55  Stalker  
  45  4:56  Probe  
  48  5:02  Stalker  
  48  5:03  Probe  
  48  5:06  Stalker  
  50  5:08  Probe  
  48  5:16  Pylon  
  48  5:19  Probe  
  48  5:20  Probe  
  49  5:31  Probe, Stalker  
  49  5:32  Stalker  
  54  5:38  Stalker  
  54  5:40  Probe  
  57  5:43  Probe  
  58  5:56  Stalker x2  
  62  6:03  Nexus  
  62  6:05  Pylon  
  62  6:14  Forge  
  62  6:19  Robotics Facility  
  62  6:23  Probe x2 (Chrono Boost)  
  64  6:29  Pylon  
  64  6:30  Assimilator  
  66  6:33  Probe x2 (Chrono Boost), Stalker  
  66  6:38  Probe (Chrono Boost)  
  68  6:40  Probe  
  70  6:50  Probe, Stalker  
  70  6:51  Stalker  
  75  6:59  Probe  
  76  7:08  Stalker  
  76  7:10  Observer (Chrono Boost)  
  76  7:11  Probe  
  76  7:14  Probe  
  79  7:16  Stalker  
  77  7:30  Probe  
  78  7:39  Probe (Chrono Boost)  
  78  7:43  Probe (Chrono Boost)  
  81  7:44  Probe (Chrono Boost)  
  81  7:52  Probe (Chrono Boost)  
  81  7:53  Pylon  
  81  7:54  Protoss Ground Weapons Level 1 (Chrono Boost)  
  81  7:55  Probe (Chrono Boost)  
  81  7:57  Pylon  
  84  7:59  Probe (Chrono Boost)  
  84  8:00  Probe (Chrono Boost)  
  84  8:05  Photon Cannon  
  85  8:11  Probe (Chrono Boost), Forge, Observer  
  89  8:13  Charge  
  89  8:15  Shield Battery  
  89  8:16  Probe (Chrono Boost)  
  89  8:17  Probe (Chrono Boost)  
  90  8:20  Probe (Chrono Boost)  
  90  8:24  Probe x2 (Chrono Boost)  
  90  8:25  Probe (Chrono Boost)  
  90  8:26  Stalker x2  
  90  8:27  Assimilator  
  96  8:32  Stalker  
  99  8:35  Probe  
  99  8:39  Probe  
  101  8:42  Pylon  
  101  8:44  Gateway x2  
  101  8:47  Protoss Ground Armor Level 1 (Chrono Boost), Gateway  
  101  8:58  Photon Cannon  
  101  9:00  Probe x2  
  103  9:06  Pylon  
  103  9:08  Nexus  
  103  9:11  Probe  
  103  9:12  Probe x2  
  103  9:16  Stalker  
  108  9:24  Stalker x2  
  108  9:29  Probe  
  111  9:32  Probe x2  
  111  9:33  Protoss Ground Weapons Level 2 (Chrono Boost), Photon Cannon  
  111  9:36  Shield Battery  
  111  9:38  Pylon  
  113  9:40  Pylon  
  113  9:45  Stalker x2  
  117  9:51  Gateway  
  117  9:52  Gateway  
  117  9:54  Pylon  
  117  9:56  Probe  
  117  9:57  Stalker  
  120  10:03  Probe  
  120  10:05  Photon Cannon  
  122  10:07  Observer (Chrono Boost)  
  122  10:22  Stalker x6  
  122  10:25  Shield Battery  
  134  10:45  Stalker  
  134  10:46  Stalker x5  
  134  10:49  Probe x3  
  147  10:51  Assimilator  
  147  10:53  Assimilator  
  147  10:56  Zealot x2  
  151  11:15  Stalker x2  
  151  11:17  Pylon  
  155  11:21  Gateway  
  155  11:23  Pylon  
  155  11:24  Gateway x2  
  155  11:27  Pylon, Gateway  
  155  11:28  Pylon  
  155  11:30  Stalker  
  155  11:31  Stalker  
  151  11:38  Stalker x3  
  126  11:47  Stalker x3  
  128  11:57  Stalker x2  
  97  12:05  Zealot x3  
Show
View Real Time Build Order
Export as new Build Order

DnS Protoss - Winner!

Build Orders: Phoenix Opening 

Get SALT Encoding   

  12  0:00  Probe  
  13  0:12  Probe  
  14  0:17  Pylon  
  14  0:24  Probe (Chrono Boost)  
  15  0:36  Probe (Chrono Boost)  
  15  0:38  Gateway  
  16  0:44  Probe (Chrono Boost)  
  16  0:47  Assimilator  
  17  0:51  Probe  
  18  1:03  Probe  
  19  1:15  Probe (Chrono Boost)  
  19  1:18  Pylon  
  20  1:20  Assimilator  
  21  1:26  Cybernetics Core, Probe (Chrono Boost)  
  21  1:31  Probe (Chrono Boost)  
  21  1:36  Zealot  
  24  1:41  Probe  
  25  1:53  Probe  
  26  2:02  Stargate  
  26  2:05  Adept  
  28  2:25  Nexus  
  28  2:32  Pylon  
  28  2:36  Probe  
  29  2:44  Phoenix (Chrono Boost)  
  29  2:50  Probe  
  32  2:57  Shield Battery  
  32  3:03  Probe  
  33  3:09  Phoenix  
  35  3:15  Probe  
  27  3:27  Probe  
  28  3:34  Warp Gate  
  28  3:39  Probe  
  29  3:42  Phoenix (Chrono Boost)  
  29  3:43  Probe  
  32  3:55  Probe, Stalker  
  33  3:57  Probe  
  35  4:07  Probe  
  35  4:09  Probe  
  37  4:12  Oracle (Chrono Boost)  
  39  4:19  Probe  
  39  4:22  Probe  
  41  4:32  Probe (Chrono Boost)  
  41  4:34  Probe (Chrono Boost)  
  43  4:43  Probe (Chrono Boost)  
  43  4:44  Probe (Chrono Boost)  
  43  4:45  Twilight Council  
  45  4:48  Probe (Chrono Boost)  
  45  4:50  Probe (Chrono Boost), Gateway  
  47  4:58  Probe  
  48  5:00  Probe  
  48  5:05  Gateway  
  49  5:10  Probe  
  50  5:16  Probe  
  50  5:19  Shield Battery  
  51  5:21  Assimilator  
  51  5:22  Probe  
  51  5:23  Blink (Chrono Boost)  
  51  5:24  Dark Shrine, Assimilator  
  52  5:28  Probe  
  52  5:34  Pylon  
  53  5:36  Gateway  
  53  5:43  Probe  
  54  5:52  Probe, Stalker x2  
  54  5:56  Pylon  
  59  6:02  Stalker  
  59  6:03  Probe  
  62  6:07  Pylon  
  62  6:10  Pylon  
  62  6:14  Probe  
  62  6:15  Probe  
  62  6:16  Stalker  
  62  6:17  Stalker  
  68  6:21  Pylon  
  68  6:26  Stalker  
  70  6:38  Dark Templar  
  71  6:40  Dark Templar  
  71  6:45  Stalker  
  75  6:48  Probe x2  
  77  7:01  Nexus, Pylon  
  75  7:02  Probe x2  
  77  7:09  Stalker x2  
  81  7:19  Probe  
  81  7:20  Probe  
  83  7:25  Stalker x2  
  85  7:31  Probe  
  85  7:34  Probe  
  87  7:38  Shield Battery  
  87  7:40  Robotics Facility, Forge  
  87  7:43  Probe  
  86  7:46  Probe  
  87  7:53  Stalker  
  87  7:54  Stalker  
  87  7:55  Probe  
  87  7:56  Sentry  
  94  7:59  Pylon  
  94  8:02  Pylon  
  94  8:05  Pylon  
  94  8:09  Protoss Ground Weapons Level 1 (Chrono Boost)  
  96  8:12  Probe (Chrono Boost)  
  96  8:13  Probe (Chrono Boost)  
  96  8:18  Probe (Chrono Boost)  
  96  8:19  Charge  
  97  8:21  Assimilator  
  97  8:22  Probe x2 (Chrono Boost)  
  97  8:23  Stalker  
  101  8:29  Observer (Chrono Boost)  
  101  8:30  Probe, Stalker  
  101  8:31  Probe  
  101  8:32  Probe  
  107  8:38  Stalker  
  107  8:40  Gateway  
  109  8:43  Observer (Chrono Boost), Stalker  
  112  8:54  Gateway x2  
  111  8:57  Gateway  
  111  9:04  Stalker x3  
  117  9:11  Nexus  
  117  9:15  Pylon  
  117  9:20  Stalker  
  117  9:29  Warp Prism  
  117  9:30  Stalker x3  
  125  9:36  Photon Cannon  
  125  9:38  Probe x2, Shield Battery  
  127  9:39  Probe  
  127  9:44  Dark Templar  
  130  9:48  Protoss Ground Weapons Level 2 (Chrono Boost)  
  130  9:50  Stalker x3  
  136  9:59  Stalker  
  138  10:00  Pylon  
  138  10:03  Pylon  
  138  10:11  Stalker  
  140  10:15  Pylon  
  140  10:22  Stalker x4  
  140  10:26  Observer, Photon Cannon  
  149  10:33  Stalker x3  
  155  10:36  Probe x2  
  155  10:37  Probe  
  155  10:39  Probe  
  157  10:52  Stalker x4  
  157  10:53  Stalker  
  167  11:00  Gateway x2  
  167  11:07  Probe  
  167  11:08  Probe x2  
  167  11:09  Probe  
  171  11:21  Stalker x4  
  179  11:26  Pylon x2  
  179  11:27  Pylon  
  179  11:37  Stalker x2  
  159  11:48  Stalker x6  
  163  11:55  Zealot x2  
  163  12:00  Stalker x2  
Tags
 
Add a new tag
Caveats
  • Supply blocks, unpowered buildings, or Contaminate may cause inaccurate times.
  • Supply counts are checked every 10 seconds.